General information
- name: BNet
- type: Ladder team game (AT/RT)
- host: Battle.net
- saver:
map: Mur'gulOasis
- players: 8
- length: 42:23
- speed: Fast
- version: 1.26 W3XP
- replay type: Public
» download(219 KB)
Players
team 1 (winner)

»
HanShotFirst (
yellow | 52 APM | 2009 actions | 38:16)
4 Death Knight
2 Death Coil
2 Unholy Aura
3 Dreadlord
1 Sleep
2 Vampiric Aura
» actions
| Assign group hotkey | 45 | |
| Basic commands | 8 | |
| Build / train | 67 | |
| ESC pressed | 1 | |
| Enter build submenu | 17 | |
| Enter hero's abilities submenu | 7 | |
| Give item / drop item | 3 | |
| Remove unit from queue | 5 | |
| Right click | 787 | |
| Select / deselect | 350 | |
| Select group hotkey | 665 | |
| Use ability | 54 | |
2009 total
» units
| Acolyte | 13 | |
| Ghoul | 7 | |
| Crypt Fiend | 8 | |
| Gargoyle | 10 | |
38 total
» upgrades
| Creature Attack | 3 | |
| Creature Carapace | 3 | |
6 total
» buildings
| Crypt | 1 | |
| Ziggurat | 7 | |
| Altar of Darkness | 1 | |
| Tomb of Relics | 1 | |
| Nerubian Tower | 3 | |
| Graveyard | 1 | |
| Halls of the Dead | 1 | |
| Spirit Tower | 3 | |
| Sacrificial Pit | 1 | |
| Necropolis | 2 | |
| Black Citadel | 1 | |
22 total
» build order
00:12 Crypt
00:23 Ziggurat
00:34 Altar of Darkness
01:11 Ziggurat
01:18 Tomb of Relics
01:47 Nerubian Tower
02:17 Graveyard
03:19 Nerubian Tower
03:25 Ziggurat
04:23 Nerubian Tower
06:43 Halls of the Dead
06:53 Ziggurat
06:57 Ziggurat
08:11 Spirit Tower
08:16 Spirit Tower
11:23 Ziggurat
11:27 Ziggurat
12:09 Sacrificial Pit
13:05 Spirit Tower
17:16 Necropolis
18:38 Black Citadel
21:39 Necropolis
» items
hanshotsecond. (
red | 59 APM | 2483 actions | 42:23)
7 Blademaster
3 Wind Walk
3 Critical Strike
1 Bladestorm
» actions
| Assign group hotkey | 56 | |
| Basic commands | 93 | |
| Build / train | 66 | |
| Enter build submenu | 19 | |
| Enter hero's abilities submenu | 7 | |
| Give item / drop item | 5 | |
| Remove unit from queue | 1 | |
| Right click | 1027 | |
| Select / deselect | 226 | |
| Select group hotkey | 848 | |
| Use ability | 135 | |
2483 total
» units
» upgrades
| Ranged Weapons | 2 | |
| Armor | 2 | |
| Reinforced Defenses | 1 | |
| Envenomed Spears | 1 | |
6 total
» buildings
| Altar of Storms | 1 | |
| Orc Burrow | 6 | |
| Voodoo Lounge | 1 | |
| Stronghold | 2 | |
| War Mill | 1 | |
| Beastiary | 5 | |
| Fortress | 1 | |
| Great Hall | 3 | |
| Watch Tower | 13 | |
33 total
» build order
00:16 Altar of Storms
00:22 Orc Burrow
00:52 Voodoo Lounge
02:06 Stronghold
02:32 War Mill
03:19 Orc Burrow
03:20 Orc Burrow
03:21 Orc Burrow
04:57 Beastiary
04:58 Beastiary
05:28 Fortress
05:44 Beastiary
07:34 Orc Burrow
10:12 Great Hall
12:28 Watch Tower
12:31 Watch Tower
12:31 Watch Tower
12:32 Watch Tower
12:35 Watch Tower
14:44 Beastiary
15:10 Great Hall
16:16 Orc Burrow
16:26 Great Hall
18:43 Watch Tower
18:43 Watch Tower
18:44 Watch Tower
18:44 Watch Tower
18:45 Watch Tower
20:39 Stronghold
20:49 Watch Tower
20:50 Watch Tower
20:50 Watch Tower
21:48 Beastiary
» items
| Healing Salve | 4 | |
| Lesser Clarity Potion | 2 | |
| Staff of Teleportation | 1 | |
| Scroll of Healing | 1 | |
| Potion of Healing | 2 | |
10 total
zumbi_80 (
green | 57 APM | 2377 actions | 41:45)
5 Tauren Chieftain
2 War Stomp
3 Endurance Aura
4 Pit Lord
2 Howl of Terror
2 Cleaving Attack
1 Shadow Hunter
1 Healing Wave
» actions
| Assign group hotkey | 36 | |
| Basic commands | 16 | |
| Build / train | 59 | |
| Enter build submenu | 28 | |
| Enter hero's abilities submenu | 10 | |
| Give item / drop item | 1 | |
| Right click | 964 | |
| Select / deselect | 565 | |
| Select group hotkey | 590 | |
| Use ability | 108 | |
2377 total
» units
| Peon | 10 | |
| Grunt | 4 | |
| Shaman | 10 | |
| Troll Witch Doctor | 10 | |
34 total
» upgrades
| Shaman Training | 2 | |
| Witch Doctor Training | 2 | |
| Reinforced Defenses | 1 | |
5 total
» buildings
| Altar of Storms | 1 | |
| Orc Burrow | 8 | |
| Barracks | 1 | |
| Voodoo Lounge | 1 | |
| Stronghold | 1 | |
| War Mill | 1 | |
| Spirit Lodge | 2 | |
| Fortress | 1 | |
| Watch Tower | 8 | |
| Great Hall | 1 | |
25 total
» build order
00:16 Altar of Storms
00:24 Orc Burrow
01:02 Barracks
01:55 Orc Burrow
02:34 Voodoo Lounge
03:13 Stronghold
04:31 Orc Burrow
05:21 War Mill
05:48 Spirit Lodge
06:25 Fortress
06:31 Spirit Lodge
08:21 Orc Burrow
12:38 Orc Burrow
13:10 Watch Tower
13:28 Watch Tower
13:47 Watch Tower
14:17 Watch Tower
14:38 Watch Tower
16:42 Watch Tower
17:28 Watch Tower
18:11 Orc Burrow
19:53 Watch Tower
26:47 Orc Burrow
29:49 Great Hall
30:32 Orc Burrow
» items
| Healing Salve | 1 | |
| Boots of Speed | 1 | |
| Scroll of Town Portal | 2 | |
| Orb of Lightning | 1 | |
5 total

»
farast1 (
purple | 57 APM | 1790 actions | 31:30)
7 Mountain King
3 Storm Bolt
2 Bash
1 Thunder Clap
1 Avatar
» actions
| Assign group hotkey | 145 | |
| Basic commands | 6 | |
| Build / train | 113 | |
| Enter build submenu | 22 | |
| Enter hero's abilities submenu | 7 | |
| Give item / drop item | 2 | |
| Remove unit from queue | 1 | |
| Right click | 751 | |
| Select / deselect | 254 | |
| Select group hotkey | 411 | |
| Use ability | 78 | |
1790 total
» units
| Peasant | 24 | |
| Footman | 3 | |
| Rifleman | 31 | |
| Mortar Team | 7 | |
65 total
» upgrades
| Gunpowder | 2 | |
| Masonry | 1 | |
| Armor | 2 | |
| Long Rifles | 1 | |
| Flare | 1 | |
| Lumber Harvesting | 1 | |
8 total
» buildings
| Altar of Kings | 1 | |
| Farm | 13 | |
| Barracks | 2 | |
| Scout Tower | 2 | |
| Arcane Vault | 1 | |
| Arcane Tower | 2 | |
| Blacksmith | 1 | |
| Lumber Mill | 2 | |
| Keep | 1 | |
| Guard Tower | 3 | |
| Workshop | 1 | |
29 total
» build order
00:10 Altar of Kings
00:13 Farm
00:22 Barracks
01:10 Farm
01:36 Scout Tower
01:54 Farm
02:21 Arcane Vault
02:32 Arcane Tower
02:32 Arcane Tower
02:50 Blacksmith
03:13 Lumber Mill
03:21 Lumber Mill
03:35 Farm
03:57 Barracks
04:17 Farm
05:46 Farm
06:24 Keep
06:29 Scout Tower
06:59 Guard Tower
06:59 Guard Tower
08:37 Farm
08:37 Farm
09:36 Workshop
13:37 Farm
14:40 Farm
14:40 Farm
17:09 Farm
17:09 Farm
» items
| Lesser Clarity Potion | 1 | |
| Mechanical Critter | 1 | |
| Dust of Appearance | 1 | |
| Circlet of Nobility | 1 | |
| Periapt of Vitality | 1 | |
| Potion of Healing | 5 | |
| Healing Salve | 4 | |
| Scroll of Protection | 1 | |
| Scroll of Town Portal | 1 | |
16 total
team 2 (loser)
tomha (
orange | 36 APM | 563 actions | 15:41)
4 Goblin Tinker
1 Pocket Factory
2 Engineering Upgrade
1 Cluster Rockets
2 Beastmaster
1 Summon Bear
1 Summon Hawk
» actions
| Assign group hotkey | 7 | |
| Build / train | 44 | |
| Enter build submenu | 12 | |
| Enter hero's abilities submenu | 6 | |
| Give item / drop item | 2 | |
| Right click | 237 | |
| Select / deselect | 209 | |
| Select group hotkey | 11 | |
| Use ability | 35 | |
563 total
» units
| Acolyte | 3 | |
| Ghoul | 3 | |
| Crypt Fiend | 11 | |
| Obsidian Statue | 3 | |
20 total
» upgrades
| Creature Attack | 1 | |
| Unholy Strength | 1 | |
| Web | 1 | |
| Unholy Armor | 1 | |
4 total
» buildings
| Ziggurat | 5 | |
| Crypt | 1 | |
| Altar of Darkness | 1 | |
| Graveyard | 1 | |
| Tomb of Relics | 1 | |
| Nerubian Tower | 2 | |
| Halls of the Dead | 1 | |
| Slaughterhouse | 1 | |
| Spirit Tower | 2 | |
| Black Citadel | 1 | |
| Sacrificial Pit | 1 | |
17 total
» build order
00:11 Ziggurat
01:00 Crypt
01:06 Altar of Darkness
01:10 Graveyard
01:20 Tomb of Relics
01:35 Ziggurat
01:45 Nerubian Tower
02:36 Ziggurat
04:40 Halls of the Dead
05:10 Nerubian Tower
05:50 Ziggurat
07:11 Slaughterhouse
07:43 Spirit Tower
07:44 Black Citadel
07:47 Sacrificial Pit
07:50 Ziggurat
08:00 Spirit Tower
» items
| Rod of Necromancy | 2 | |
| Scroll of Town Portal | 3 | |
| Orb of Corruption | 1 | |
6 total
Dobby (
teal | 59 APM | 2497 actions | 42:23)
10 Blademaster
3 Wind Walk
3 Critical Strike
1 Bladestorm
3 Mirror Image
2 Mountain King
1 Storm Bolt
1 Avatar
» actions
| Assign group hotkey | 88 | |
| Basic commands | 75 | |
| Build / train | 94 | |
| Enter build submenu | 91 | |
| Enter hero's abilities submenu | 12 | |
| Give item / drop item | 6 | |
| Remove unit from queue | 2 | |
| Right click | 1055 | |
| Select / deselect | 431 | |
| Select group hotkey | 444 | |
| Use ability | 184 | |
2497 total
» units
| Peon | 20 | |
| Grunt | 4 | |
| Dragonhawk Rider | 5 | |
| Peasant | 1 | |
| Wind Rider | 7 | |
37 total
» upgrades
| Reinforced Defenses | 1 | |
| Spiked Barricades | 1 | |
| Swords | 2 | |
| Armor | 5 | |
| Animal War Training | 1 | |
| Masonry | 1 | |
| Cloud | 1 | |
| Ranged Weapons | 3 | |
| Envenomed Spears | 1 | |
| Defend | | |
16 total
» buildings
| Orc Burrow | 7 | |
| Altar of Storms | 1 | |
| Barracks | 1 | |
| Voodoo Lounge | 1 | |
| Stronghold | 1 | |
| War Mill | 3 | |
| Watch Tower | 56 | |
| Great Hall | 4 | |
| Fortress | 1 | |
| Arcane Sanctum | 1 | |
| Scout Tower | 16 | |
| Guard Tower | 9 | |
| Beastiary | 3 | |
104 total
» build order
00:12 Orc Burrow
00:54 Altar of Storms
00:55 Barracks
01:05 Orc Burrow
01:49 Voodoo Lounge
02:59 Stronghold
04:42 War Mill
05:56 Watch Tower
05:58 Watch Tower
05:58 Watch Tower
05:58 Watch Tower
06:37 Watch Tower
06:37 Watch Tower
06:38 Watch Tower
07:15 Orc Burrow
07:25 Great Hall
09:49 Fortress
10:04 Watch Tower
10:04 Watch Tower
10:11 Watch Tower
10:12 Watch Tower
10:13 Watch Tower
11:29 Watch Tower
11:31 Watch Tower
11:32 Watch Tower
11:45 Watch Tower
13:13 Watch Tower
13:14 Watch Tower
13:17 Watch Tower
13:17 Watch Tower
13:33 Watch Tower
13:34 Watch Tower
13:38 Watch Tower
13:38 Watch Tower
13:41 Watch Tower
13:43 Watch Tower
13:55 War Mill
14:47 War Mill
16:15 Watch Tower
16:15 Watch Tower
16:19 Watch Tower
17:04 Arcane Sanctum
17:06 Scout Tower
17:06 Scout Tower
17:07 Scout Tower
17:07 Scout Tower
17:07 Scout Tower
17:08 Scout Tower
17:08 Scout Tower
17:11 Scout Tower
17:13 Scout Tower
17:13 Scout Tower
17:46 Guard Tower
17:50 Guard Tower
17:51 Guard Tower
17:51 Guard Tower
17:51 Guard Tower
19:43 Guard Tower
19:45 Scout Tower
19:46 Scout Tower
19:46 Scout Tower
19:47 Scout Tower
19:47 Scout Tower
19:50 Scout Tower
20:34 Guard Tower
21:08 Guard Tower
23:19 Beastiary
23:20 Beastiary
23:24 Beastiary
24:10 Watch Tower
24:10 Watch Tower
24:11 Watch Tower
24:11 Watch Tower
25:25 Orc Burrow
25:26 Orc Burrow
25:27 Orc Burrow
32:03 Great Hall
32:09 Watch Tower
32:10 Watch Tower
32:12 Watch Tower
32:13 Watch Tower
32:13 Watch Tower
32:14 Watch Tower
32:18 Watch Tower
32:19 Watch Tower
33:33 Watch Tower
33:34 Watch Tower
33:57 Watch Tower
34:36 Orc Burrow
36:08 Great Hall
36:12 Watch Tower
36:12 Watch Tower
36:13 Watch Tower
36:14 Watch Tower
37:55 Great Hall
38:01 Watch Tower
38:02 Watch Tower
38:02 Watch Tower
38:03 Watch Tower
38:04 Watch Tower
38:05 Watch Tower
38:05 Watch Tower
38:06 Watch Tower
» items
| Healing Salve | 7 | |
| Boots of Speed | 1 | |
| Scroll of Town Portal | 3 | |
| Orb of Lightning | 2 | |
| Potion of Healing | 3 | |
| Potion of Mana | 1 | |
17 total
Kunterbunt (
pink | 19 APM | 798 actions | 42:23)
2 Archmage
2 Blizzard
» actions
| Assign group hotkey | 3 | |
| Basic commands | 1 | |
| Build / train | 32 | |
| Enter build submenu | 51 | |
| Enter hero's abilities submenu | 2 | |
| Right click | 334 | |
| Select / deselect | 267 | |
| Select group hotkey | 11 | |
| Use ability | 97 | |
798 total
» units
| Peasant | 14 | |
| Dragonhawk Rider | 3 | |
| Sorceress | 2 | |
| Rifleman | 2 | |
| Footman | 2 | |
23 total
» upgrades
» buildings
| Lumber Mill | 1 | |
| Farm | 33 | |
| Keep | 1 | |
| Altar of Kings | 1 | |
| Town Hall | 1 | |
| Guard Tower | 1 | |
| Altar of Darkness | 2 | |
| Ziggurat | 2 | |
| Necropolis | 2 | |
| Scout Tower | 1 | |
45 total
» build order
00:51 Lumber Mill
00:57 Farm
01:16 Farm
01:40 Farm
01:54 Farm
02:00 Farm
02:19 Farm
02:44 Farm
02:51 Keep
03:05 Farm
03:10 Farm
03:42 Farm
03:57 Farm
04:05 Farm
04:23 Altar of Kings
04:28 Farm
04:35 Farm
04:43 Farm
04:56 Farm
05:12 Farm
05:18 Farm
05:30 Farm
05:34 Farm
05:38 Farm
06:38 Farm
06:44 Farm
07:06 Farm
07:12 Farm
07:48 Farm
07:54 Farm
08:00 Farm
08:06 Farm
08:13 Farm
08:30 Farm
09:02 Farm
11:12 Farm
16:05 Town Hall
17:44 Guard Tower
20:53 Altar of Darkness
20:57 Ziggurat
29:36 Necropolis
31:26 Altar of Darkness
31:29 Ziggurat
32:07 Scout Tower
32:42 Necropolis
RoIIllIIDETROlT (
blue | 50 APM | 746 actions | 14:47)
4 Mountain King
2 Storm Bolt
2 Bash
3 Archmage
1 Blizzard
2 Brilliance Aura
» actions
| Assign group hotkey | 48 | |
| Basic commands | 21 | |
| Build / train | 61 | |
| Enter build submenu | 25 | |
| Enter hero's abilities submenu | 7 | |
| Give item / drop item | 2 | |
| Remove unit from queue | 4 | |
| Right click | 184 | |
| Select / deselect | 154 | |
| Select group hotkey | 192 | |
| Use ability | 48 | |
746 total
» units
| Peasant | 13 | |
| Dragonhawk Rider | 4 | |
| Priest | 6 | |
| Sorceress | 2 | |
25 total
» upgrades
| Masonry | 2 | |
| Lumber Harvesting | 1 | |
| Magic Sentry | 1 | |
| Priest Training | 1 | |
| Sorceress Training | 1 | |
| Swords | 1 | |
7 total
» buildings
| Altar of Kings | 1 | |
| Scout Tower | 13 | |
| Farm | 9 | |
| Arcane Tower | 2 | |
| Lumber Mill | 1 | |
| Guard Tower | 10 | |
| Keep | 1 | |
| Gryphon Aviary | 2 | |
| Arcane Vault | 1 | |
| Arcane Sanctum | 1 | |
| Blacksmith | 1 | |
| Castle | 1 | |
| Barracks | 1 | |
44 total
» build order
00:25 Altar of Kings
00:40 Scout Tower
00:54 Farm
01:08 Arcane Tower
01:21 Lumber Mill
01:30 Farm
01:40 Farm
01:46 Scout Tower
01:54 Farm
02:14 Arcane Tower
02:37 Farm
02:39 Farm
02:50 Scout Tower
02:55 Scout Tower
02:57 Scout Tower
03:22 Guard Tower
03:33 Keep
03:49 Guard Tower
04:14 Farm
04:15 Guard Tower
04:18 Scout Tower
04:19 Scout Tower
04:51 Guard Tower
05:05 Farm
05:07 Farm
05:12 Scout Tower
05:12 Scout Tower
05:13 Scout Tower
05:16 Scout Tower
05:21 Guard Tower
05:26 Scout Tower
05:29 Scout Tower
06:14 Guard Tower
06:20 Gryphon Aviary
06:34 Gryphon Aviary
06:56 Guard Tower
07:11 Guard Tower
07:56 Arcane Vault
07:58 Guard Tower
08:04 Arcane Sanctum
08:31 Guard Tower
08:36 Blacksmith
11:35 Castle
12:08 Barracks
» items
| Healing Salve | 1 | |
| Periapt of Vitality | 1 | |
2 total
Chat log
(00:06 / Allies) farast1: rifles mort
(00:11 / Allies) hanshotsecond.: WYVERNSSSSSSSS
(00:37 / Allies) zumbi_80: shaman and doctor
(01:00 / All) RoIIllIIDETROlT: oh yes babie
(01:37 / All) hanshotsecond.:
(03:57 / All) RoIIllIIDETROlT: oh yes babie
(04:02 / All) RoIIllIIDETROlT: cum 2 detroi
(04:44 / All) RoIIllIIDETROlT: look at pink
(04:49 / Allies) farast1: i know.. lol
(06:24 / All) hanshotsecond.: impressive pink
(06:53 / Allies) farast1: wanna hit ?
(07:08 / Allies) HanShotFirst: sure
(07:19 / Allies) farast1: hit pink ?'
(07:25 / Allies) farast1: meet mid
(07:37 / Allies) farast1: hit oj he creeping
(08:50 / Allies) farast1: fuck the farms man
(09:26 / Allies) farast1: lets end them
(10:02 / Allies) farast1: good items
(10:11 / Allies) farast1: i need immolation cloak
(11:38 / Allies) hanshotsecond.: thanks
(11:56 / Allies) farast1: lets go
(13:21 / Allies) farast1: i got morts
(13:54 / Allies) farast1: come yellow
(14:09 / Allies) farast1: nice
(14:16 / All) RoIIllIIDETROlT: lol strong
(14:27 / Allies) hanshotsecond.: hit oj
(14:36 / Allies) hanshotsecond.: ignore pink and blue
(14:37 / Allies) hanshotsecond.: guys
(14:44 / Allies) farast1: k
(15:24 / Allies) hanshotsecond.: tinker
(16:05 / Allies) hanshotsecond.: ill stay at 50 and just feed u 3
(19:10 / Allies) hanshotsecond.: i got
(19:11 / Allies) hanshotsecond.: blue
(19:48 / Allies) farast1: no tp
(19:49 / Allies) farast1: fuckk
(19:53 / Allies) farast1: get him
(19:54 / Allies) farast1: u can do it
(20:07 / Allies) hanshotsecond.: can i take it?
(20:10 / Allies) farast1: buying tp
(20:13 / Allies) farast1: yea
(20:21 / Allies) farast1: brt
(20:25 / All) Dobby: goddamnit
(20:27 / All) Dobby: I cabn't use blue
(20:34 / Allies) farast1: can i get 350 gold ?
(21:08 / Allies) hanshotsecond.: should we get siege
(21:10 / Allies) hanshotsecond.: for teal?
(21:19 / Allies) farast1: meet
(21:25 / Allies) farast1: they aint got shit
(21:33 / Allies) farast1: leav eteal for last
(21:40 / Allies) hanshotsecond.: just hti blue
(21:41 / Allies) farast1: damkn we need siege loll
(21:56 / Allies) farast1: hit
(22:26 / Allies) HanShotFirst: really
(22:29 / Allies) HanShotFirst: ?
(22:31 / Allies) HanShotFirst: thanks
(23:06 / Allies) hanshotsecond.: wtf yellow
(23:11 / Allies) HanShotFirst: fuck you
(23:15 / Allies) hanshotsecond.: idiot
(23:18 / Allies) hanshotsecond.: y did u kill me
(23:19 / Allies) farast1: heal
(23:20 / Allies) HanShotFirst: fucking cunt
(23:26 / Allies) HanShotFirst: I didn't kil you
(23:26 / Allies) hanshotsecond.: guys
(23:27 / Allies) hanshotsecond.: yellow tked
(23:28 / Allies) hanshotsecond.: me
(23:29 / Allies) hanshotsecond.: asshole
(23:31 / Allies) hanshotsecond.: i had teal
(23:36 / Allies) HanShotFirst: I did not tk
(23:42 / Allies) hanshotsecond.: give me ur gold
(23:45 / Allies) hanshotsecond.: and i ll stop
(23:47 / Allies) farast1: wtf u doin
(23:52 / Allies) HanShotFirst: red tk
(24:02 / Allies) hanshotsecond.: yellow tked me first
(24:04 / Allies) farast1: stop red
(24:13 / Allies) HanShotFirst: no
(24:15 / Allies) HanShotFirst: I did not
(24:25 / Allies) HanShotFirst: red tking
(24:30 / Allies) hanshotsecond.: ill leave
(24:31 / Allies) hanshotsecond.: them alone
(24:32 / Allies) hanshotsecond.: man
(24:34 / Allies) hanshotsecond.: they didnt do anything
(24:38 / Allies) HanShotFirst: you gonna let him team kill?
(24:43 / Allies) hanshotsecond.: they did nothing wrong
(25:09 / Allies) HanShotFirst: red team kill
(25:12 / Allies) HanShotFirst: no help
(25:13 / Allies) hanshotsecond.: no
(25:14 / Allies) hanshotsecond.: im not
(25:19 / Allies) hanshotsecond.: u freaking hit my hero first
(25:21 / Allies) hanshotsecond.: we got this
(25:22 / Allies) hanshotsecond.: guys
(25:29 / Allies) farast1: dont hit teal
(25:31 / Allies) farast1: to many toweers
(25:37 / Allies) farast1: u got all caster
(25:58 / Allies) HanShotFirst: I will kill you every fucking time I see you red
(26:01 / Allies) hanshotsecond.: ustarted
(26:03 / Allies) HanShotFirst: every fucking time
(26:03 / Allies) hanshotsecond.: it biatch
(26:08 / Allies) HanShotFirst: I did not
(26:12 / Allies) HanShotFirst: you tk not me
(26:29 / Allies) HanShotFirst: green and purp let him
(26:31 / Allies) HanShotFirst: nice
(26:33 / All) hanshotsecond.: yellow is an asshole
(26:40 / Allies) HanShotFirst: I'll remember that too
(27:40 / Allies) farast1: let morts do it
(28:37 / Allies) farast1: shit
(28:39 / Allies) farast1: m,am
(28:41 / Allies) farast1: man
(28:45 / Allies) farast1: fight
(28:51 / Allies) farast1: boost them up
(28:52 / Allies) farast1: lust
(28:53 / Allies) HanShotFirst: red tk, you let him fuck you over
(28:55 / Allies) farast1: wow
(29:00 / Allies) farast1: ui guys blow
(29:00 / Allies) HanShotFirst: now you lose
(29:07 / Allies) farast1: dont fucken run
(29:16 / Allies) farast1: fuck u yellow
(29:18 / Allies) hanshotsecond.: we got this
(29:19 / Allies) hanshotsecond.: guys
(29:24 / Allies) hanshotsecond.: fuck u yellow seriously
(29:24 / Allies) HanShotFirst: red fucked you and you bent over for him
(29:25 / All) Dobby: K just take it all pink yo ufucking idiot
(29:39 / Allies) farast1: i got no gold no gold mine
(29:41 / All) Dobby: Sets there blizzarding my shit and wastes avatar
(29:42 / Allies) hanshotsecond.: use ur shade
(29:44 / Allies) hanshotsecond.: i can give u gold
(29:45 / Allies) hanshotsecond.: if uneed
(29:50 / Allies) HanShotFirst: you fucking deserve the loss fuckhead
(29:58 / Allies) HanShotFirst: you let tk fuck you
(31:17 / All) hanshotsecond.: use ur shade asshole yellow
(31:22 / Allies) HanShotFirst: suck it purp
(31:27 / All) farast1: ahh fuck this game
(31:31 / Allies) HanShotFirst: fucking SUCK IT
(31:37 / All) hanshotsecond.: it aint over
(32:18 / Allies) HanShotFirst: red is such a loser piece of shit
(32:31 / Allies) hanshotsecond.: lol
(32:36 / Allies) hanshotsecond.: han shot second
(32:37 / Allies) hanshotsecond.: bro
(32:39 / Allies) hanshotsecond.: not 1st
(32:47 / Allies) zumbi_80: orc noob
(33:10 / All) HanShotFirst: red going to oj
(33:20 / All) hanshotsecond.: teal sucks ill rape his ass hard
(33:44 / All) HanShotFirst: red tk , kill the cunt
(33:53 / All) hanshotsecond.: HAN SHOT SECOND!
(34:11 / All) HanShotFirst: red going to blue
(34:23 / All) HanShotFirst: blue main, kill red
(34:30 / All) Dobby: GTFO pink
(34:55 / All) hanshotsecond.: raping 1v4 noobs
(35:55 / All) HanShotFirst: ROFL
(36:11 / All) hanshotsecond.: id laugh too if i were u
(36:15 / All) HanShotFirst: tk piece of shit
(36:25 / All) hanshotsecond.: ur mad cuz im winning when u thought i couldnt do it
(37:12 / All) HanShotFirst: red going to teal
(37:24 / All) HanShotFirst: red to purp
(37:55 / All) HanShotFirst: red at purp
(38:03 / All) HanShotFirst: pathetic fuck
(38:12 / All) hanshotsecond.: cant let the tker yellow
(38:14 / All) hanshotsecond.: use purple
(39:38 / Allies) zumbi_80: all
(39:50 / All) Dobby: gonna alt tab for a bit
(40:29 / Allies) zumbi_80: good
(40:44 / All) hanshotsecond.: farewell